MWL (24 & UNDER)
BARRY'S BAY ORIOLES @ LITTLE ROCK LEMMIWINKS
08/27/2028
 
TOP OF THE 1ST
Barry's Bay Orioles batting - Pitching for Little Rock Lemmiwinks : RHP Renaldo Quilh
Pitching: RHP Renaldo Quilh
Batting: SHB Emílio Calvillo 0-0: Ball
1-0: Ball
2-0: Fly out, F7 (Flyball, 78M)
Batting: LHB Greg Sharpe 0-0: Ball
1-0: Foul Ball, location: 2F
1-1: Ball
2-1: Ball
3-1: Foul Ball, location: 2F
3-2: Base on Balls
Batting: SHB Garrett Waller 0-0: Ball
1-0: Ball
Greg Sharpe is caught stealing 2nd base
2-0: Called Strike
2-1: Ball
3-1: Swinging Strike
3-2: Fly out, F8 (Flyball, 78M)
Top of the 1st over - 0 run(s), 0 hit(s), 0 error(s), 0 left on base; Barry's Bay 0 - Little Rock 0
BOTTOM OF THE 1ST
Little Rock Lemmiwinks batting - Pitching for Barry's Bay Orioles : RHP Manny Guerra
Pitching: RHP Manny Guerra
Batting: RHB Álex Martínez 0-0: Foul Ball, location: 2F
0-1: Foul Ball, location: 2F
0-2: Ball
1-2: Ball
2-2: Foul Ball, location: 2F
2-2: Fly out, F9 (Flyball, 9)
Batting: RHB James Hunter 0-0: SINGLE (Groundball, 6MD)
Batting: RHB Bill Bourland 0-0: Fly out, F7 (Flyball, 7)
Batting: RHB Jaime Hernández 0-0: Ball
1-0: Ball
2-0: Foul Ball, location: 2F
2-1: Swinging Strike
2-2: SINGLE (Line Drive, 7LM)
James Hunter to second
Batting: RHB John Robertson 0-0: Called Strike
0-1: Foul Ball, location: 2F
0-2: Ball
1-2: Ball
2-2: Foul Ball, location: 2F
2-2: Ball
3-2: Foul Ball, location: 2F
3-2: Foul Ball, location: 2F
3-2: Foul Ball, location: 2F
3-2: Strikes out swinging
Bottom of the 1st over - 0 run(s), 2 hit(s), 0 error(s), 2 left on base; Barry's Bay 0 - Little Rock 0
TOP OF THE 2ND
Barry's Bay Orioles batting - Pitching for Little Rock Lemmiwinks : RHP Renaldo Quilh
Batting: LHB Lúcio Gómez 0-0: Ball
1-0: Called Strike
1-1: Ball
2-1: Swinging Strike
2-2: Foul Ball, location: 2F
2-2: Ball
3-2: Strikes out swinging
Batting: SHB Terry Christian 0-0: Ball
1-0: Foul Ball, location: 2F
1-1: Ball
2-1: Fly out, F8 (Flyball, 8LM)
Batting: LHB Ryan Rheaume 0-0: Swinging Strike
0-1: Fly out, F3 (Popup, 34)
Top of the 2nd over - 0 run(s), 0 hit(s), 0 error(s), 0 left on base; Barry's Bay 0 - Little Rock 0
BOTTOM OF THE 2ND
Little Rock Lemmiwinks batting - Pitching for Barry's Bay Orioles : RHP Manny Guerra
Batting: LHB Horace Kramer 0-0: Called Strike
0-1: Ball
1-1: Called Strike
1-2: Foul Ball, location: 2F
1-2: Foul Ball, location: 2F
1-2: Fly out, F9 (Line Drive, 9)
Batting: RHB Roberto Valdéz 0-0: Called Strike
0-1: Fly out, F9 (Flyball, 89S)
Batting: LHB Lorenzo Féliz 0-0: DOUBLE (Line Drive, 7D)
Batting: RHB Álex Ochoa 0-0: Swinging Strike
0-1: DOUBLE (Line Drive, 7LM)
Lorenzo Féliz scores
Batting: RHB Álex Martínez 0-0: Ball
1-0: Ball
2-0: Ball
3-0: Base on Balls
Batting: RHB James Hunter 0-0: Called Strike
0-1: Foul Ball, location: 2F
0-2: Fielders Choice at 2nd, 6-4 (Groundball, 6)
Bottom of the 2nd over - 1 run(s), 2 hit(s), 0 error(s), 1 left on base; Barry's Bay 0 - Little Rock 1
TOP OF THE 3RD
Barry's Bay Orioles batting - Pitching for Little Rock Lemmiwinks : RHP Renaldo Quilh
Batting: RHB Troy González 0-0: Ball
1-0: Swinging Strike
1-1: Called Strike
1-2: Ball
2-2: Ball
3-2: Foul Ball, location: 2F
3-2: Strikes out swinging
Batting: RHB Octávio Aldeguer 0-0: Called Strike
0-1: Swinging Strike
0-2: Strikes out swinging
Batting: RHB River Cunningham 0-0: Ball
1-0: Ball
2-0: Ball
3-0: Called Strike
3-1: Base on Balls
Batting: SHB Emílio Calvillo 0-0: Ball
1-0: Ball
2-0: Swinging Strike
2-1: SINGLE (Line Drive, 78S)
River Cunningham to second
Batting: LHB Greg Sharpe 0-0: Ground out 1-3 (Groundball, 15)
Top of the 3rd over - 0 run(s), 1 hit(s), 0 error(s), 2 left on base; Barry's Bay 0 - Little Rock 1
BOTTOM OF THE 3RD
Little Rock Lemmiwinks batting - Pitching for Barry's Bay Orioles : RHP Manny Guerra
Batting: RHB Bill Bourland 0-0: Called Strike
0-1: Fly out, F9 (Flyball, 9S)
Batting: RHB Jaime Hernández 0-0: Ball
1-0: Ball
2-0: Ball
3-0: Called Strike
3-1: Base on Balls
Batting: RHB John Robertson 0-0: Called Strike
0-1: Swinging Strike
0-2: Ball
1-2: Fly out, F7 (Flyball, 7)
Batting: LHB Horace Kramer 0-0: Called Strike
0-1: Ball
1-1: Foul Ball, location: 2F
1-2: Strikes out swinging
Bottom of the 3rd over - 0 run(s), 0 hit(s), 0 error(s), 1 left on base; Barry's Bay 0 - Little Rock 1
TOP OF THE 4TH
Barry's Bay Orioles batting - Pitching for Little Rock Lemmiwinks : RHP Renaldo Quilh
Batting: SHB Garrett Waller 0-0: Ball
1-0: Called Strike
1-1: Swinging Strike
1-2: Foul Ball, location: 2F
1-2: Foul Ball, location: 2F
1-2: Ball
2-2: Ball
3-2: Base on Balls
Batting: LHB Lúcio Gómez 0-0: Ball
1-0: Called Strike
1-1: Foul Ball, location: 2F
1-2: Strikes out swinging
Batting: SHB Terry Christian 0-0: Ball
1-0: SINGLE (Groundball, 5D)
Garrett Waller to second
Batting: LHB Ryan Rheaume 0-0: Called Strike
0-1: Called Strike
0-2: Fly out, F7 (Flyball, 7S)
Batting: RHB Troy González 0-0: Ground out 5-3 (Groundball, 56)
Top of the 4th over - 0 run(s), 1 hit(s), 0 error(s), 2 left on base; Barry's Bay 0 - Little Rock 1
BOTTOM OF THE 4TH
Little Rock Lemmiwinks batting - Pitching for Barry's Bay Orioles : RHP Manny Guerra
Batting: RHB Roberto Valdéz 0-0: Foul Ball, location: 2F
0-1: Ball
1-1: Ground out 5-3 (Groundball, 56)
Batting: LHB Lorenzo Féliz 0-0: Ground out 3-1 (Groundball, 34)
Batting: RHB Álex Ochoa 0-0: Ball
1-0: Ball
2-0: Ball
3-0: Called Strike
3-1: Fly out, F9 (Flyball, 89M)
Bottom of the 4th over - 0 run(s), 0 hit(s), 0 error(s), 0 left on base; Barry's Bay 0 - Little Rock 1
TOP OF THE 5TH
Barry's Bay Orioles batting - Pitching for Little Rock Lemmiwinks : RHP Renaldo Quilh
Batting: RHB Octávio Aldeguer 0-0: Called Strike
0-1: Ball
1-1: Swinging Strike
1-2: Strikes out looking
Batting: RHB River Cunningham 0-0: Called Strike
0-1: Foul Ball, location: 2F
0-2: Strikes out swinging
Batting: SHB Emílio Calvillo 0-0: Ball
1-0: Called Strike
1-1: Swinging Strike
1-2: Strikes out looking
Top of the 5th over - 0 run(s), 0 hit(s), 0 error(s), 0 left on base; Barry's Bay 0 - Little Rock 1
BOTTOM OF THE 5TH
Little Rock Lemmiwinks batting - Pitching for Barry's Bay Orioles : RHP Manny Guerra
Batting: RHB Álex Martínez 0-0: Ground out 4-3 (Groundball, 4S)
Batting: RHB James Hunter 0-0: Called Strike
0-1: Ball
1-1: Ground out 3-1 (Groundball, 34)
Batting: RHB Bill Bourland 0-0: Called Strike
0-1: Ball
1-1: Foul Ball, location: 2F
1-2: SINGLE (Groundball, 56D)
Batting: RHB Jaime Hernández 0-0: Called Strike
0-1: Ball
1-1: Ball
2-1: Swinging Strike
2-2: Ball
3-2: Ground out 5-3 (Groundball, 56S)
Bottom of the 5th over - 0 run(s), 1 hit(s), 0 error(s), 1 left on base; Barry's Bay 0 - Little Rock 1
TOP OF THE 6TH
Barry's Bay Orioles batting - Pitching for Little Rock Lemmiwinks : RHP Renaldo Quilh
Batting: LHB Greg Sharpe 0-0: Called Strike
0-1: Foul Ball, location: 2F
0-2: Strikes out looking
Batting: SHB Garrett Waller 0-0: Fly out, F8 (Flyball, 8LM)
Batting: LHB Lúcio Gómez 0-0: Swinging Strike
0-1: SINGLE (Groundball, 6MD)
Batting: SHB Terry Christian 0-0: Called Strike
0-1: Called Strike
0-2: Ball
Lúcio Gómez is caught stealing 2nd base
Top of the 6th over - 0 run(s), 1 hit(s), 0 error(s), 0 left on base; Barry's Bay 0 - Little Rock 1
BOTTOM OF THE 6TH
Little Rock Lemmiwinks batting - Pitching for Barry's Bay Orioles : RHP Manny Guerra
Batting: RHB John Robertson 0-0: Ball
1-0: Ball
2-0: Called Strike
2-1: Ball
3-1: Foul Ball, location: 2F
3-2: Strikes out swinging
Pitching: RHP Richard Manley
Batting: LHB Horace Kramer 0-0: Called Strike
0-1: Swinging Strike
0-2: Ball
1-2: Strikes out looking
Batting: RHB Roberto Valdéz 0-0: Ball
1-0: Ground out 6-3 (Groundball, 6)
Bottom of the 6th over - 0 run(s), 0 hit(s), 0 error(s), 0 left on base; Barry's Bay 0 - Little Rock 1
TOP OF THE 7TH
Barry's Bay Orioles batting - Pitching for Little Rock Lemmiwinks : RHP Renaldo Quilh
Pitching: LHP Alfonso Viera
Batting: SHB Terry Christian 0-0: Ball
1-0: Ball
2-0: Ball
3-0: Called Strike
3-1: Foul Ball, location: 2F
3-2: Strikes out swinging
Batting: LHB Ryan Rheaume 0-0: Called Strike
0-1: Foul Ball, location: 2F
0-2: Ball
1-2: Strikes out swinging
Batting: RHB Troy González 0-0: SINGLE (Groundball, 56S) (infield hit)
Batting: RHB Octávio Aldeguer 0-0: Swinging Strike
0-1: Foul Ball, location: 2F
0-2: Strikes out swinging
Top of the 7th over - 0 run(s), 1 hit(s), 0 error(s), 1 left on base; Barry's Bay 0 - Little Rock 1
BOTTOM OF THE 7TH
Little Rock Lemmiwinks batting - Pitching for Barry's Bay Orioles : RHP Richard Manley
Pitching: LHP Bernardo Valero
Batting: LHB Lorenzo Féliz 0-0: Ball
1-0: Ball
2-0: Called Strike
2-1: Ball
3-1: Base on Balls
Pitching: RHP Billy Jacobs
Pinch Hitting: RHB Ánibal Soto 0-0: Ball
1-0: Foul Ball, location: 2F
1-1: Ball
2-1: Sac Bunt - play at first, batter OUT! 1-3
Lorenzo Féliz to second
Pinch Hitting: SHB Darrel Lang 0-0: Swinging Strike
0-1: Swinging Strike
0-2: Ball
1-2: Strikes out swinging
Batting: RHB James Hunter 0-0: Ball
1-0: Called Strike
1-1: Ball
2-1: Foul Ball, location: 2F
2-2: Fly out, F4 (Popup, 4D)
Bottom of the 7th over - 0 run(s), 0 hit(s), 0 error(s), 1 left on base; Barry's Bay 0 - Little Rock 1
TOP OF THE 8TH
Barry's Bay Orioles batting - Pitching for Little Rock Lemmiwinks : LHP Alfonso Viera
Pitching: RHP Charles Palmeiro
Now at 2B: Ánibal Soto
Now in CF: Francisco Gonzáles
Batting: RHB River Cunningham 0-0: Ball
1-0: Foul Ball, location: 2F
1-1: Ball
2-1: Foul Ball, location: 2F
2-2: Foul Ball, location: 2F
2-2: Ball
3-2: Strikes out swinging, 2-3 out at first.
Pitching: LHP José Ávila
Batting: SHB Emílio Calvillo 0-0: Ball
1-0: Ball
2-0: Foul Ball, location: 2F
2-1: Foul Ball, location: 2F
2-2: Strikes out swinging
Batting: LHB Greg Sharpe 0-0: Ball
1-0: Ball
2-0: Ball
3-0: Base on Balls
Pitching: RHP Ignacio Medina
Batting: SHB Garrett Waller 0-0: Foul Ball, location: 2F
0-1: 2-RUN HOME RUN (Flyball, 9LD), Distance : 368 ft
Batting: LHB Lúcio Gómez 0-0: Called Strike
0-1: Foul Ball, location: 2F
0-2: Ball
1-2: Fly out, F9 (Flyball, 9LSF)
Top of the 8th over - 2 run(s), 1 hit(s), 0 error(s), 0 left on base; Barry's Bay 2 - Little Rock 1
BOTTOM OF THE 8TH
Little Rock Lemmiwinks batting - Pitching for Barry's Bay Orioles : RHP Billy Jacobs
Pitching: RHP Félix González
Batting: RHB Bill Bourland 0-0: Ball
1-0: Ground out 5-3 (Groundball, 56S)
Batting: RHB Jaime Hernández 0-0: Called Strike
0-1: Called Strike
0-2: Strikes out swinging
Batting: RHB John Robertson 0-0: Ball
1-0: Called Strike
1-1: Ball
2-1: Ball
3-1: Base on Balls
Pitching: LHP Roberto Galaz
Pinch Hitting: RHB Gustavo Medine 0-0: Ball
1-0: Foul Ball, location: 2F
1-1: Swinging Strike
1-2: Strikes out looking
Bottom of the 8th over - 0 run(s), 0 hit(s), 0 error(s), 1 left on base; Barry's Bay 2 - Little Rock 1
TOP OF THE 9TH
Barry's Bay Orioles batting - Pitching for Little Rock Lemmiwinks : RHP Ignacio Medina
Pitching: RHP José Peña
Now in RF: Carlos Estrada
Batting: SHB Terry Christian 0-0: Ball
1-0: Swinging Strike
1-1: SINGLE (Groundball, 34D)
Batting: LHB Ryan Rheaume 0-0: Ball
1-0: Sac Bunt - play at first, batter OUT! 2-4
Terry Christian to second
Pinch Hitting: LHB Joe Vásquez 0-0: Intentional Walk
Batting: RHB Octávio Aldeguer 0-0: Foul Ball, location: 2F
0-1: Foul Ball, location: 2F
0-2: Strikes out looking
Pinch Hitting: RHB Juan Morales 0-0: Foul Ball, location: 2F
0-1: Ball
1-1: SINGLE (Groundball, 56D)
Terry Christian to third
Joe Vásquez to second
Runner from 3rd tries for Home, throw and OUT!
Top of the 9th over - 0 run(s), 2 hit(s), 0 error(s), 2 left on base; Barry's Bay 2 - Little Rock 1
BOTTOM OF THE 9TH
Little Rock Lemmiwinks batting - Pitching for Barry's Bay Orioles : LHP Roberto Galaz
Pitching: LHP Mathew Bentley
Now at C: Juan Morales
Now at 3B: Manny Gutiérrez
Pinch Hitting: RHB Ernesto Villa 0-0: Ball
1-0: Called Strike
1-1: Fly out, F8 (Line Drive, 8LM)
Pinch Hitting: RHB Germán Vargas 0-0: Ball
1-0: Swinging Strike
1-1: Swinging Strike
1-2: Fly out, F4 (Flyball, 34D)
Batting: RHB Ánibal Soto 0-0: Called Strike
0-1: Ground out 5-3 (Groundball, 5S)
Bottom of the 9th over - 0 run(s), 0 hit(s), 0 error(s), 0 left on base; Barry's Bay 2 - Little Rock 1
Tuesday, August 8th, 2017 - OOTP Baseball 17.12 Build 75